 Dungeon Crawl Stone Soup version 0.20-a0-1050-g57248f3 (webtiles) character file.

21147 TheGoonsmith the Basher (level 12, -3/95 HPs)
             Began as a Demonspawn Gladiator on Apr 25, 2017.
             Was a High Priest of Wu Jian.
             Slain by an eight-headed hydra (5 damage)
             ... on level 4 of the Lair of Beasts.
             The game lasted 00:37:46 (14803 turns).

TheGoonsmith the Basher (Demonspawn Gladiator)     Turns: 14803, Time: 00:37:46

Health: -3/95      AC: 15    Str: 19    XL:     12   Next: 51%
Magic:  15/15      EV: 14    Int: 10    God:    Wu Jian [*****.]
Gold:   1111       SH:  3    Dex: 15    Spells: 11/11 levels left

rFire    + . .     SeeInvis .   y - +2 dire flail (protect)
rCold    + . .     Gourm    .   (shield currently unavailable)
rNeg     . . .     Faith    .   g - +0 chain mail
rPois    .         Spirit   .   (helmet restricted)
rElec    .         Reflect  +   Y - +0 cloak
rCorr    .         Harm     .   S - +0 pair of gloves
MR       .....                  n - +1 pair of boots
Stlth    ..........             V - +3 amulet of reflection
Regen    0.3/turn               m - ring of protection from cold
MPRegen  0.2/turn               s - ring of protection from fire

@: no status effects
A: horns 2, repulsion field 2, foul stench 1, spiny 1, rot immunity
a: Serpent's Lash, Heavenly Storm, Renounce Religion


You were on level 4 of the Lair of Beasts.
You worshipped Wu Jian.
Wu Jian was extremely pleased with you.
You were near starving.

You visited 2 branches of the dungeon, and saw 17 of its levels.

You collected 1111 gold pieces.

Inventory:

Hand Weapons
 b - a -1 blowgun
 y - a +2 dire flail of protection (weapon)
Missiles
 d - 3 throwing nets
 e - 3 javelins (quivered)
 D - 87 poisoned needles
Armour
 g - a +0 chain mail (worn)
 n - a +1 pair of boots (worn)
 S - a +0 pair of gloves (worn)
 Y - a +0 cloak (worn)
Jewellery
 a - an uncursed amulet of magic regeneration {unknown}
 m - a ring of protection from cold (left hand)
 s - a ring of protection from fire (right hand)
 I - an uncursed amulet of guardian spirit
 V - a +3 amulet of reflection (around neck)
Wands
 i - a wand of random effects (32/48)
 o - a wand of random effects (24/48)
 p - a wand of iceblast (7/15)
 q - a wand of confusion (30/48)
 F - a wand of random effects (38/48)
 H - a wand of flame (35/48)
 N - a wand of iceblast (4/15)
 O - a wand of acid (8/15)
 W - a wand of confusion (23/48)
 X - a wand of polymorph (5/24)
Scrolls
 r - 3 scrolls of identify
 t - 4 scrolls of teleportation
 u - 12 scrolls of remove curse
 x - 3 scrolls of enchant weapon
 A - 2 scrolls of magic mapping
 R - a scroll of enchant armour
Potions
 c - a potion of invisibility
 h - 5 potions of curing
 j - a potion of resistance
 k - 5 potions of flight
 v - 4 potions of heal wounds
 z - 5 potions of brilliance
 B - a potion of agility
 Q - a potion of haste
Books
 w - a book of Conjurations

   Spells                             Type                      Level
   a - Magic Dart                     Conjuration                  1
   b - Searing Ray                    Conjuration                  2
   c - Dazzling Spray                 Conjuration/Hexes            3
   d - Fulminant Prism                Conjuration/Hexes            4
   e - Force Lance                    Conjuration/Translocation    4
   f - Iskenderun's Mystic Blast      Conjuration                  4
 C - a book of Changes

   Spells                             Type                      Level
   a - Beastly Appendage              Transmutation                1
   b - Sticks to Snakes               Transmutation                2
   c - Spider Form                    Transmutation/Poison         3
   d - Ice Form                       Ice/Transmutation            4
   e - Blade Hands                    Transmutation                5
Miscellaneous
 Z - a lamp of fire
Comestibles
 f - 18 bread rations
 l - a royal jelly


   Skills:
 + Level 9.2 Fighting
 - Level 14.0 Maces & Flails
 - Level 1.7 Throwing
 + Level 6.1 Armour
 + Level 6.1 Dodging
   Level 4.3 Shields
 + Level 4.2 Evocations


You had 11 spell levels left.
You didn't know any spells.

Dungeon Overview and Level Annotations

Branches:
Dungeon (13/15)            Temple (0/1) D:7            Lair (4/6) D:11
  Snake (0/4) Lair:4          Orc (0/2) D:10
  Swamp: Lair:2-4    Shoals: Lair:2-4    Vaults: D:13-14

Altars:
Ashenzari
Cheibriados
Elyvilon
Fedhas
Kikubaaqudgha
Makhleb
Nemelex Xobeh
Okawaru
Qazlal
Ru
Sif Muna
Uskayaw
Wu Jian
Xom
Zin
The Shining One

Shops:
D:10 [(

Annotations:
D:7 1 runed door
D:11 exclusion: 2 oklob plants
Lair:4 exclusion: 3 oklob plants


Innate Abilities, Weirdness & Mutations

You have a pair of horns on your head.
You are surrounded by a moderate repulsion field. (EV +3)
You may emit foul miasma when damaged in melee.
You are partially covered in sharp spines.
You are immune to rotting.


Message History

You open the door.
Something bites you. x3; You emit a cloud of foul miasma!
Something bites you! Something bites you but does no damage.
Something bites you! Something bites you. x2
There is an open door here.
As you open the door, it creaks loudly! Something bites you.
You block something's attack. Something bites you but does no damage.
Something bites you.
Something bites you but does no damage. x4
Something bites you!
* * * LOW HITPOINT WARNING * * *
Something bites you.
* * * LOW HITPOINT WARNING * * *
Something bites you.
* * * LOW HITPOINT WARNING * * *
Something bites you!
* * * LOW HITPOINT WARNING * * *
Something bites you!
* * * LOW HITPOINT WARNING * * *
Something bites you.
You die...

#..# ####.. ####
#....# ######.#.
###+...# #.#.....$
##......####........
#.......##..........
#P......'..###......
##..{...##.# #......
##@##.##### ##..≈..
#.#### #≈≈≈.≈≈≈ #..
#≈≈≈≈≈.≈≈≈ #...
#≈≈≈##+##≈ ##..#
≈≈≈# ## ... ≈≈≈ #
.... ≈≈ # ....# #≈≈
# #≈≈# ##


There were no monsters in sight!

Vanquished Creatures
  A catoblepas (Lair:4)
  The ghost of Geoffrax the Cleaver, a novice DgGl (D:9)
  2 two-headed ogres (D:9)
  4 oklob plants (Lair:2)
  A manticore (D:11)
  2 black mambas
  6 spiny frogs
  A centaur skeleton (D:10)
  5 komodo dragons
  The ghost of Lookapuppie the Skirmisher, an amateur MiBe of Trog (D:4)
  2 trolls
  A polar bear (Lair:4)
  Prince Ribbit (D:6)
  Grinder (D:5)
  A hornet (D:4)
  4 blink frogs (Lair:1)
  4 hippogriffs
  Sigmund (D:5)
  9 yaks
  2 basilisks
  2 hungry ghosts
  Edmund (D:5)
  A naga (Lair:4)
  6 water moccasins
  3 porcupines
  3 sky beasts
  2 phantoms
  5 orc warriors
  2 ice beasts
  11 ogres
  5 centaurs
  4 crocodiles
  13 bullfrogs
  2 big kobolds
  A wyvern skeleton (D:11)
  3 scorpions
  A killer bee (D:7)
  8 wights
  4 howler monkeys
  4 bullfrog zombies
  4 crimson imps
  5 hounds
  2 quasits
  14 orc wizards
  9 orc priests
  5 jellies
  2 bullfrog skeletons (D:10)
  Jessica (D:3)
  Ijyb (D:3)
  3 iguanas
  14 worker ants
  A killer bee zombie (D:7)
  2 hound skeletons (D:4)
  A howler monkey zombie (D:7)
  A worker ant zombie (D:5)
  9 gnolls
  A howler monkey skeleton (D:8)
  19 adders
  5 shadow imps
  3 oozes
  2 adder skeletons
  3 worms
  A dart slug (D:4)
  7 leopard geckos
  39 orcs
  2 ball pythons
  11 bats
  12 giant cockroaches
  14 hobgoblins
  18 jackals
  5 quokkas
  3 frilled lizards
  13 goblins
  A jackal zombie (D:5)
  25 kobolds
  7 rats
  42 plants
438 creatures vanquished.

Vanquished Creatures (others)
  2 fungi (Lair:4)
  2 plants (Lair:4)
4 creatures vanquished.

Grand Total: 442 creatures vanquished

Notes
Turn   | Place    | Note
-------+----------+-------------------------------------------
     0 | D:1      | TheGoonsmith the Demonspawn Gladiator began the quest for the Orb.
     0 | D:1      | Reached XP level 1. HP: 16/16 MP: 1/1
    73 | D:1      | Reached skill level 3 in Maces & Flails
   101 | D:1      | Gained mutation: You are partially covered in sharp spines. [demonic ancestry]
   101 | D:1      | Reached XP level 2. HP: 22/22 MP: 2/2
   215 | D:1      | Gained mutation: You have a pair of small horns on your head. [demonic ancestry]
   215 | D:1      | Reached XP level 3. HP: 18/28 MP: 3/3
   629 | D:2      | Found a snail-covered altar of Cheibriados.
   654 | D:2      | Found a sacrificial altar of Ru.
   667 | D:2      | Found a faded altar of an unknown god.
   939 | D:2      | Reached XP level 4. HP: 34/34 MP: 4/4
   984 | D:2      | Reached skill level 4 in Maces & Flails
  1006 | D:2      | Found an ancient bone altar of Kikubaaqudgha.
  1584 | D:3      | Found a stormy altar of Qazlal.
  1588 | D:3      | Noticed Jessica
  1594 | D:3      | Killed Jessica
  1594 | D:3      | Reached skill level 1 in Shields
  2221 | D:3      | Reached XP level 5. HP: 29/41 MP: 5/5
  2332 | D:3      | Noticed Ijyb
  2344 | D:3      | Killed Ijyb
  2792 | D:4      | Noticed Lookapuppie's ghost (amateur MiBe)
  2932 | D:4      | Reached skill level 5 in Maces & Flails
  2932 | D:4      | Gained mutation: You are surrounded by a mild repulsion field. (EV +2) [demonic ancestry]
  2932 | D:4      | Reached XP level 6. HP: 47/47 MP: 6/6
  2983 | D:5      | Entered Level 5 of the Dungeon
  2997 | D:5      | Found a burning altar of Makhleb.
  2997 | D:5      | Found a shimmering altar of Xom.
  3026 | D:5      | Found a glowing golden altar of the Shining One.
  3026 | D:5      | Found a white marble altar of Elyvilon.
  3027 | D:5      | Found a glowing silver altar of Zin.
  3054 | D:5      | Noticed a sky beast
  3167 | D:5      | Noticed Sigmund
  3192 | D:4      | Killed a sky beast
  3192 | D:4      | Reached XP level 7. HP: 19/54 MP: 7/7
  3439 | D:4      | Noticed a hornet
  3445 | D:4      | Paralysed by a hornet for 3 turns
  3448 | D:4      | Killed a hornet
  3448 | D:4      | Reached skill level 6 in Maces & Flails
  4110 | D:4      | Found a blossoming altar of Fedhas.
  4111 | D:4      | Found a sparkling altar of Nemelex Xobeh.
  4117 | D:4      | Gained mutation: You are surrounded by a moderate repulsion field. (EV +3) [demonic ancestry]
  4117 | D:4      | Reached XP level 8. HP: 51/61 MP: 8/8
  4328 | D:5      | Noticed Grinder
  4343 | D:5      | Killed Grinder
  4343 | D:5      | Reached skill level 5 in Fighting
  4343 | D:5      | Reached skill level 7 in Maces & Flails
  4479 | D:5      | Killed Sigmund
  4547 | D:5      | Found an iron altar of Okawaru.
  4619 | D:6      | Found an ornate altar of the Wu Jian Council.
  4622 | D:6      | Became a worshipper of the Wu Jian Council
  4760 | D:5      | Reached skill level 8 in Maces & Flails
  4924 | D:5      | Noticed Edmund
  4950 | D:5      | Killed Edmund
  5146 | D:4      | Killed Lookapuppie's ghost
  5146 | D:4      | Gained mutation: You are immune to rotting. [demonic ancestry]
  5146 | D:4      | Reached XP level 9. HP: 45/69 MP: 9/9
  5198 | D:4      | Reached * piety under Wu Jian
  5604 | D:6      | Found a shattered altar of Ashenzari.
  5757 | D:6      | Noticed Prince Ribbit
  5764 | D:6      | Killed Prince Ribbit
  5764 | D:6      | Reached skill level 9 in Maces & Flails
  5855 | D:6      | Found a hide-covered altar of Uskayaw.
  6214 | D:7      | Found a runed door.
  6323 | D:7      | Found a staircase to the Ecumenical Temple.
  6355 | D:7      | Reached skill level 10 in Maces & Flails
  6390 | D:7      | Reached ** piety under Wu Jian
  6491 | D:7      | Found a deep blue altar of Sif Muna.
  6583 | D:7      | Found a runed door.
  6950 | D:8      | Gained mutation: You have a pair of horns on your head. [demonic ancestry]
  6950 | D:8      | Reached XP level 10. HP: 73/80 MP: 10/10
  7442 | D:8      | Reached *** piety under Wu Jian
  7504 | D:8      | Reached skill level 11 in Maces & Flails
  7653 | D:9      | Noticed Geoffrax's ghost (novice DgGl)
  7663 | D:9      | Reached skill level 1 in Armour
  7701 | D:9      | Killed Geoffrax's ghost
  7873 | D:9      | Noticed a two-headed ogre
  7879 | D:9      | Killed a two-headed ogre
  7958 | D:9      | Noticed a two-headed ogre
  7965 | D:9      | Killed a two-headed ogre
  8441 | D:10     | Entered Level 10 of the Dungeon
  8463 | D:10     | Found Jubed's Armour Boutique.
  8464 | D:10     | Found a staircase to the Orcish Mines.
  8465 | D:10     | Found Maseifroro's Weapon Boutique.
  8488 | D:10     | Reached skill level 12 in Maces & Flails
  8581 | D:10     | Gained mutation: You may emit foul miasma when damaged in melee. [demonic ancestry]
  8581 | D:10     | Reached XP level 11. HP: 83/86 MP: 11/11
  9121 | D:10     | Reached **** piety under Wu Jian
  9482 | D:11     | Noticed an oklob plant
  9482 | D:11     | Noticed an oklob plant
  9501 | D:11     | Found a shimmering altar of Xom.
  9838 | D:11     | Found a staircase to the Lair.
 10723 | D:13     | Reached skill level 13 in Maces & Flails
 10891 | Lair:1   | Entered Level 1 of the Lair of Beasts
 11303 | Lair:1   | Reached ***** piety under Wu Jian
 11687 | Lair:2   | Reached skill level 14 in Maces & Flails
 11932 | Lair:2   | Reached skill level 1 in Evocations
 12469 | Lair:2   | Noticed an oklob plant
 12475 | Lair:2   | Noticed an oklob plant
 12544 | Lair:2   | Noticed an oklob plant
 12554 | Lair:2   | Noticed an oklob plant
 12636 | Lair:2   | Killed an oklob plant
 12687 | Lair:2   | Killed an oklob plant
 12687 | Lair:2   | Reached skill level 5 in Armour
 12687 | Lair:2   | Reached XP level 12. HP: 81/94 MP: 13/13
 12896 | Lair:2   | Reached skill level 5 in Dodging
 14090 | Lair:4   | Noticed a catoblepas
 14093 | Lair:4   | Found a staircase to the Snake Pit.
 14105 | Lair:4   | Killed a catoblepas
 14779 | Lair:4   | Noticed an eight-headed hydra
 14803 | Lair:4   | HP: 2/95 [something (12)]
 14803 | Lair:4   | Slain by an eight-headed hydra

Vault maps used:
D:1:      lemuel_arrival_broad_hall
D:2:      nicolae_ru_the_path_less_chosen, nicolae_overflow_crystal_walls,
          lemuel_crystal_altar, chequers_ecumenical_altar_simple_redux,
          grunt_ministairs_1, minmay_box_of_dots
D:3:      nicolae_qazlal_general_emergency, serial_co_window_serial,
          co_window_corner_a, co_window_paths_a, co_window_paths_a,
          co_window_paths_b, co_window_paths_a, co_window_unsneaky_path_a,
          co_window_of_opportunity_c, co_window_unsneaky_path_b,
          co_window_paths_e, co_window_sun, glass_columns_c, glass_columns_a,
          minmay_unequal, uniq_jessica, uniq_ijyb
D:4:      corexii_shantytown, chequers_temple_overflow_statue_of_worship,
          first_bread
D:5:      good_gods_temple_1, grunt_temple_overflow_champion_of_chaos,
          kennysheep_mini_moat, uniq_edmund, uniq_grinder, uniq_sigmund
D:6:      lemuel_round_altar, evilmike_ruin_ashenzari, kennysheep_mini,
          uniq_prince_ribbit1
D:7:      lemuel_insect_pit, overflow_temple_1_default,
          minmay_temple_entry_nine_rooms, grunt_ogre_cave
D:9:      minmay_liquid_box
D:10:     orc_david_3
D:11:     dpeg_oklobed_lair, lemuel_statue_altar
D:12:     hangedman_decor_riveting, minmay_misc_feat_five
Lair:2:   minmay_lair_oklob_tunnel, guppyfry_lair_drakes
Lair:3:   st_stairs_9
Lair:4:   minmay_shoals_entry_hut, dummy_snake_entry, grunt_megastairs_3,
          minmay_lair_oklob_chamber, infiniplex_staircase_pool_2

Skill      XL: |  1  2  3  4  5  6  7  8  9 10 11 12 |
---------------+-------------------------------------+-----
Maces & Flails | 3 4 5 6 8 10 12 14 | 14.0
Fighting       | 3 4 6 7 8 9 |  9.2
Shields        | 1 2 4 |  4.3
Armour         | 4 5 6 |  6.1
Dodging        | 3 4 6 |  6.1
Evocations     | 2 4 |  4.2
Throwing       | |  1.7

Action                   |  1- 3 |  4- 6 |  7- 9 | 10-12 || total
-------------------------+-------+-------+-------+-------++-------
Melee: Flail             |    89 |   125 |   122 |       ||   336
       Headbutt          |     8 |    20 |    69 |   244 ||   341
       Dire flail        |       |       |   221 |   925 ||  1146
 Fire: Blowgun           |       |       |     5 |       ||     5
Throw: Javelin           |       |     1 |       |       ||     1
       Throwing net      |       |     1 |       |       ||     1
Evoke: Wand              |       |     4 |       |     3 ||     7
  Use: Potion            |       |     3 |     2 |       ||     5
       Scroll            |       |    11 |     5 |    10 ||    26
  Eat: Chunk             |       |     2 |    11 |    22 ||    35
       Meat ration       |       |     1 |       |       ||     1
       Royal jelly       |       |       |     1 |     2 ||     3
       Fruit             |       |       |       |     1 ||     1
Armor: Leather armour    |    17 |       |       |       ||    17
       Chain mail        |    16 |    54 |   133 |   182 ||   385
Dodge: Dodged            |    38 |    56 |   137 |   210 ||   441
Block: Buckler           |     1 |    30 |    26 |       ||    57
       Other             |       |       |       |     6 ||     6
